 Dungeon Crawl Stone Soup version 0.29-a0-344-ge2f44be95a (webtiles) character file.

Game seed: 9448391511031024330

821 Dyamorph the Skirmisher (level 7, 0/45 HPs)
             Began as a Gargoyle Monk on Apr 22, 2022.
             Killed from afar by an orc wizard (10 damage)
             ... with a puff of flame
             ... on level 6 of the Dungeon.
             The game lasted 00:08:09 (6106 turns).

Dyamorph the Skirmisher (Gargoyle Monk)             Turns: 6106, Time: 00:08:10

Health: 0/45       AC: 15    Str: 17    XL:     7   Next: 95%
Magic:  2/2        EV:  7    Int: 10    God:
Gold:   371        SH:  0    Dex: 12    Spells: 6/6 levels left

rFire   . . .      SeeInvis .   b - +1 flail (antimagic)
rCold   . . .      Faith    .   (no shield)
rNeg    + . .      Spirit   .   c - +1 chain mail
rPois   ∞          Reflect  .   (no helmet)
rElec   +          Harm     .   (no cloak)
rCorr   .          Rampage  .   (no gloves)
Will    .....                   (no boots)
Stlth   ..........              (no amulet)
HPRegen 0.15/turn               (no ring)
MPRegen 0.08/turn               (no ring)

@: brilliant
A: sickness immunity, AC +4, negative energy resistance 1, electricity
resistance, torment resistance 1, petrification resistance
a: no special abilities


You were on level 6 of the Dungeon.
You visited 1 branch of the dungeon, and saw 6 of its levels.

You collected 371 gold pieces.

Inventory:

Hand Weapons
 a - a +1 mace
 b - a +1 antimagic flail (weapon)
Missiles
 u - 2 javelins (quivered)
Armour
 c - a +1 chain mail (worn)
Jewellery
 j - a +4 ring of protection
 l - a ring of willpower
 s - a +4 ring of evasion
Wands
 d - a wand of iceblast (14)
 w - a wand of flame (17)
Scrolls
 e - a scroll of enchant weapon
 f - 8 scrolls of identify
 h - 2 scrolls of teleportation
 m - a scroll of immolation
Potions
 i - 2 potions of haste {unknown}
 n - a potion of might {unknown}
 o - a potion of invisibility {unknown}
 q - a potion of attraction {unknown}
 r - a potion of resistance {unknown}


   Skills:
 + Level 5.7 Fighting
 + Level 5.1 Maces & Flails
 + Level 4.4 Armour
 - Level 2.4 Dodging
 - Level 4.3 Stealth
 + Level 2.3 Evocations


You had 6 spell levels left.
You didn't know any spells.
Your spell library contained the following spells:

 Spells                   Type           Power      Damage    Failure   Level
 Foxfire                  Conj/Fire      0%         2x1d4     99%         1
 Conjure Flame            Conj/Fire      0%         6-21      100%        3
 Gell's Gravitas          Tloc           0%         N/A       100%        3
 Inner Flame              Hex/Fire       0%         N/A       100%        3
 Lesser Beckoning         Tloc           0%         N/A       100%        3
 Teleport Other           Tloc           0%         N/A       100%        3
 Flame Wave               Conj/Fire      0%         2d4       100%        4


Dungeon Overview and Level Annotations

Branches:
Dungeon (6/15)
 Temple: D:4-7

Altars:
Dithmenos
Zin


Innate Abilities, Weirdness & Mutations

You are immune to sickness and miasma.
Your stone body is resilient. (AC +4)
You are immune to poison.
You resist negative energy. (rN+)
You are resistant to electric shocks. (rElec)
You are resistant to unholy torment.
You are immune to petrification.


Message History

Something tries to affect you, but you resist.
The orc barely misses you.
You miss something.
You hear some strange, mumbled words.
A puff of flame appears from out of thin air!
The puff of flame hits you! The orc hits you but does no damage.
You closely miss something. Something hits you but does no damage.
The orc hits you but does no damage.
You hear some strange, mumbled words.
You are confused.
The orc hits you but does no damage.
It was a potion of brilliance.
You feel clever all of a sudden. Something completely misses you.
The orc barely misses you. Something hits you but does no damage.
The orc throws a silver boomerang.
The silver boomerang barely misses you.
You completely miss something. Something hits you but does no damage.
The orc throws a silver boomerang.
The silver boomerang hits you but does no damage.
* * * LOW HITPOINT WARNING * * *
You closely miss something. Something hits you but does no damage.
Something hits you but does no damage.
You bump into the rock wall.
The orc barely misses you.
You hear some strange, mumbled words.
A puff of flame appears from out of thin air!
The puff of flame hits you.
* * * LOW HITPOINT WARNING * * *
You bump into the rock wall.
You feel less confused. The orc hits you but does no damage.
Something hits you but does no damage. Something hits you.
* * * LOW HITPOINT WARNING * * *
There is an open door here.
The orc throws a silver boomerang.
The silver boomerang hits you.
* * * LOW HITPOINT WARNING * * *
x2 Something hits you but does no damage.
There is a stone staircase leading up here.
A puff of flame appears from out of thin air!
The puff of flame hits you!
You die...

#....### #.##### #......#
#.....# # #......# #.....#
# #......# #.....# #
#......# #.....# ##
###....###########.....#
...............>..........#
######....≈≈≈.)##...#.....#
#....≈o≈..#@...')....# ##
#....≈≈≈..##...#.....# .#
#........o.'...'.....# (#
#.........##{..#.....#
[#####.........##...#)....#
.)..##.........##...#..####
.(..# ..........#...#oz#
....# ..#####.#.#...#oo#
'#### .# .....#..#


There were no monsters in sight!

Vanquished Creatures
  Sigmund (D:4)
  An ogre (D:5)
  A phantom (D:5)
  3 wights (D:6)
  A scorpion (D:6)
  An iguana (D:4)
  4 gnolls (D:5)
  6 adders
  A white imp (D:5)
  An ufetubus (D:5)
  4 worms
  4 dart slugs
  5 orcs
  3 endoplasms
  3 giant cockroaches (D:1)
  10 goblins
  10 hobgoblins
  4 jackals (D:3)
  3 quokkas
  7 ball pythons
  9 bats
  2 frilled lizards (D:1)
  7 kobolds
  7 rats
98 creatures vanquished.

Vanquished Creatures (collateral kills)
  A wight (D:6)
1 creature vanquished.

Grand Total: 99 creatures vanquished

Notes
Turn   | Place    | Note
-------+----------+-------------------------------------------
     0 | D:1      | Dyamorph the Gargoyle Monk began the quest for the Orb.
     0 | D:1      | Reached XP level 1. HP: 14/14 MP: 1/1
   131 | D:1      | Reached XP level 2. HP: 19/19 MP: 2/2
   419 | D:1      | Reached skill level 1 in Armour
   784 | D:1      | Reached XP level 3. HP: 24/24 MP: 3/3
  1284 | D:2      | Reached XP level 4. HP: 19/29 MP: 4/4
  2344 | D:4      | Noticed Sigmund
  2517 | D:4      | Reached XP level 5. HP: 13/33 MP: 5/5
  3017 | D:4      | Killed Sigmund
  3018 | D:4      | Reached XP level 6. HP: 33/40 MP: 6/6
  3518 | D:5      | Entered Level 5 of the Dungeon
  3724 | D:5      | Found a shadowy altar of Dithmenos.
  3786 | D:5      | Reached skill level 5 in Fighting
  3999 | D:5      | Reached skill level 1 in Evocations
  3999 | D:5      | Reached XP level 7. HP: 18/44 MP: 7/7
  5147 | D:6      | Reached skill level 5 in Maces & Flails
  6020 | D:6      | Found a glowing silver altar of Zin.
  6106 | D:6      | Killed from afar by an orc wizard

Illustrated notes

Levels and vault maps discovered:
D:1:      dpeg_arrival_simpleton_c, layout_basic
D:2:      layout_rooms, kennysheep_generic_room_5
D:3:      layout_rooms, minmay_misc_feat_four_crosses, serial_bayou_pond_e,
          st_stairs_4
D:4:      layout_cave_pools, cheibrodos_sewer_entry_bend, serial_glass,
          glass_columns_b, glass_columns_a, glass_columns_a, glass_columns_b,
          glass_columns_c, due_unseen_surprise, uniq_sigmund
D:5:      layout_layer_cave, kennysheep_little_box
D:6:      layout_basic, lemuel_crystal_altar, ebering_ghost_sewer_f,
          corexii_item_surrounded_by_moat, hex_intersection

Skill      XL: |  1  2  3  4  5  6  7 |
---------------+----------------------+-----
Armour         | 1 2 3 4 |  4.4
Stealth        | 3 4 |  4.3
Fighting       | 4 5 |  5.7
Maces & Flails | 4 5 |  5.1
Evocations     | 1 2 |  2.3
Dodging        | |  2.4

Action                   |  1- 3 |  4- 6 |  7- 9 || total
-------------------------+-------+-------+-------++-------
Melee: Mace              |   142 |   212 |    59 ||   413
       Punch             |     4 |       |       ||     4
       Flail             |       |       |    21 ||    21
Evoke: Wand              |       |     1 |     9 ||    10
  Use: Scroll            |       |     4 |     5 ||     9
       Potion            |       |     3 |     2 ||     5
 Stab: Sleeping          |     1 |       |       ||     1
Armor: Scale mail        |   113 |   107 |    33 ||   253
       Robe              |     1 |       |       ||     1
       Chain mail        |       |       |    33 ||    33
Dodge: Dodged            |    94 |   116 |    47 ||   257

Table legend: (Time is in decaauts)
 A = Elapsed time spent in this place.
 B = Non-inter-level travel time spent in this place.
 C = Inter-level travel time spent in this place.
 D = Time resting spent in this place.
 E = Time spent auto-exploring this place.
 F = Levels seen in this place.
 G = Mean time per level.
                   A        B        C        D        E       F      G
               +--------+--------+--------+--------+--------+-----+--------+
         Total |   6203 |   6079 |    124 |    777 |   4028 |   6 | 1033.8 |
       Dungeon |   6203 |   6079 |    124 |    777 |   4028 |   6 | 1033.8 |
               +--------+--------+--------+--------+--------+-----+--------+

Top non-repeatable levels by time:
     D:5: 1503 daAuts
     D:4: 1123 daAuts
     D:6: 1102 daAuts
     D:2: 972 daAuts
     D:1: 871 daAuts
     D:3: 631 daAuts
